 Dungeon Crawl Stone Soup version 0.29.0-4-gdea44cf6ec (webtiles) character file.

Game seed: 13340075007222032437

70 qw the Chopper (level 4, -2/36 HPs)
             Began as a Barachi Chaos Knight on Sept 4, 2022.
             Killed from afar by Natasha (11 damage)
             ... with a magic dart
             ... on level 3 of the Dungeon.
             The game lasted 00:01:23 (2327 turns).

qw the Chopper (Barachi Chaos Knight)               Turns: 2327, Time: 00:01:23

Health: -2/36      AC:  8    Str: 12      XL:     4   Next: 22%
Magic:  4/4        EV: 16    Int: 12      God:
Gold:   126        SH:  0    Dex: 16 (17) Spells: 3/3 levels left

rFire   . . .      SeeInvis .   Y - +0 hand axe (flame)
rCold   . . .      Faith    .   (no shield)
rNeg    + . .      Spirit   .   d - +0 leather armour of the Well-Known Runes {rElec rPois rN+ Will-}
rPois   +          Reflect  .   l - +2 helmet
rElec   +          Harm     .   (no cloak)
rCorr   .          Rampage  .   k - +0 pair of gloves
Will    .....                   e - +0 pair of boots
Stlth   +.........              (no amulet)
HPRegen 0.12/turn               g - +6 ring of dexterity
MPRegen 0.09/turn               f - +4 ring of evasion

@: slowed, very slow
A: amphibious, slowness 1, strong legs 1, +LOS, weak 2
a: Hop


You were on level 3 of the Dungeon.
You visited 1 branch of the dungeon, and saw 3 of its levels.

You collected 126 gold pieces.


Innate Abilities, Weirdness & Mutations

You are amphibious.
You cover ground slowly.
You can hop short distances.
You have an extended range of vision and can be seen from far away.
You are very weak. (Str -4)


   Skills:
 - Level 3.6 Fighting
 + Level 5.1 Axes
 - Level 2.4 Armour
 - Level 2.0 Dodging


You had 3 spell levels left.
You didn't know any spells.
Your spell library was empty.

Inventory:

Hand Weapons
 Y - a +0 hand axe of flaming (weapon)
Armour
 a - a +0 chain mail
 b - a +2 leather armour
 d - the +0 leather armour of the Well-Known Runes (worn) {rElec rPois rN+ Will-}
   (You found it on level 2 of the Dungeon)

   rElec:     It insulates you from electricity.
   rPois:     It protects you from poison.
   rN:        It protects you from negative energy.
   Will:      It decreases your willpower.
 e - a +0 pair of boots (worn)
 k - a +0 pair of gloves (worn)
 l - a +2 helmet (worn)
Jewellery
 f - a +4 ring of evasion (right hand)
 g - a +6 ring of dexterity (left hand)
Scrolls
 m - a scroll of identify {unknown}
Potions
 i - a potion of mutation {unknown}
 j - a potion of curing {unknown}
Miscellaneous
 c - a piece from Xom's chessboard (15/15)

Dungeon Overview and Level Annotations

Branches:
Dungeon (3/15)

Altars:

Annotations:
D:3 Natasha


Message History

You miss Natasha.
Natasha is moderately wounded.
You hit the shadow imp. You burn the shadow imp. Natasha closely misses you.
The shadow imp barely misses you.
You closely miss the shadow imp.
The shadow imp is heavily wounded.
You hit Natasha. You burn Natasha. Natasha barely misses you.
The shadow imp gestures at you. Pain shoots through your body!
Natasha closely misses you. The shadow imp misses you.
You closely miss Natasha.
Natasha is heavily wounded.
You barely miss the shadow imp. Natasha misses you.
The shadow imp closely misses you. Natasha claws you.
2321 ||| READING scroll of teleportation.
As you read the scroll of teleportation, it crumbles to dust.
You feel strangely unstable.
The shadow imp hits you but does no damage.
Natasha barely misses you. The shadow imp completely misses you.
You hit Natasha. You burn Natasha.
Natasha is severely wounded.
You hit the shadow imp but do no damage.
Your surroundings suddenly seem different.
Found 5 gold pieces.
Found a stone staircase leading down.
Natasha drinks a potion.
Natasha is healed!
2323 ||| Stepping ~*~*~tactically~*~*~ (hiding).
The shadow imp shouts, "Remove thy stench, thou peeagling fat-kidneyed vulture!"
The shadow imp disappears in a puff of smoke!
Natasha hisses.
You slash Natasha! You burn Natasha.
Natasha is heavily wounded.
Natasha closely misses you. x2
You hit Natasha. You burn Natasha.
Natasha is almost dead.
Natasha howls an incantation.
You feel disoriented. Natasha casts a spell at you. The magic dart hits you!
You die...

#. ##.# .. .# #...
.. .# #...# .. .#
#...# #. .# #....
#
#.##.###...#####.#
................##
........h@.....>#
#..<............#
#...............#
#.####....#####.#
#.# #....# # #.#
#....# #.# #.....#
#.# #$###.#
######.###.# #.#


You could see Natasha.

Vanquished Creatures
  An adder (D:2)
  A worm (D:2)
  2 dart slugs (D:1)
  An orc (D:3)
  5 ball pythons
  4 bats
  5 endoplasms
  A giant cockroach (D:1)
  3 goblins (D:2)
  6 hobgoblins
  3 quokkas (D:1)
  A frilled lizard (D:1)
  10 kobolds
  7 rats
50 creatures vanquished.

Notes
Turn   | Place    | Note
-------+----------+-------------------------------------------
     0 | D:1      | qw the Barachi Chaos Knight began the quest for the Orb.
     0 | D:1      | Reached XP level 1. HP: 18/18 MP: 1/1
     0 | D:1      | 0 ||| qw: Version: 0.1-a-102-g441f92d
     0 | D:1      | 0 ||| qw: Game counter: 5330
     0 | D:1      | 0 ||| qw: Always use a shield: true
     0 | D:1      | 0 ||| qw: God list: Okawaru
     0 | D:1      | 0 ||| qw: Allow faded altars: false
     0 | D:1      | 0 ||| qw: Do Orc after D:15 true
     0 | D:1      | 0 ||| qw: Do second Lair branch before Depths: true
     0 | D:1      | 0 ||| qw: Lair rune preference: random
     0 | D:1      | 0 ||| qw: Plans: Normal
     0 | D:1      | 0 ||| PLANNING D:1-11
     0 | D:1      | Fell from the grace of Xom
    90 | D:1      | 90 ||| Stepping ~*~*~tactically~*~*~ (stealth).
    91 | D:1      | 91 ||| Stepping ~*~*~tactically~*~*~ (stealth).
   140 | D:1      | 140 ||| Stepping ~*~*~tactically~*~*~ (stealth).
   142 | D:1      | Reached XP level 2. HP: 24/24 MP: 2/2
   181 | D:1      | Reached skill level 4 in Axes
   195 | D:1      | 195 ||| Stepping ~*~*~tactically~*~*~ (stealth).
   196 | D:1      | 196 ||| Stepping ~*~*~tactically~*~*~ (stealth).
   197 | D:1      | 197 ||| Stepping ~*~*~tactically~*~*~ (stealth).
   217 | D:1      | 217 ||| Stepping ~*~*~tactically~*~*~ (stealth).
   217 | D:1      | XOM: 7-stop teleportation journey
   220 | D:1      | 220 ||| Stepping ~*~*~tactically~*~*~ (stealth).
   421 | D:1      | 421 ||| Stepping ~*~*~tactically~*~*~ (stealth).
   518 | D:1      | Reached XP level 3. HP: 25/29 MP: 3/3
  1048 | D:1      | 1048 ||| UPGRADING to +0 pair of boots.
  1053 | D:1      | 1053 ||| UPGRADING to +6 ring of dexterity.
  1054 | D:1      | 1054 ||| READING scroll labelled WEOXTE RAMN.
  1057 | D:1      | 1057 ||| READING scroll labelled MANLINKAJO.
  1058 | D:1      | 1058 ||| READING scroll labelled NIFUC ADUST.
  1059 | D:1      | 1059 ||| DROPPING +0 whip.
  1107 | D:2      | 1107 ||| Stepping ~*~*~tactically~*~*~ (stealth).
  1114 | D:2      | Identified the +0 leather armour of the Well-Known Runes
                  | {rElec rPois rN+ Will-}
  1313 | D:2      | Reached skill level 5 in Axes
  1379 | D:2      | XOM: give mutations
  1379 | D:2      | Gained mutation: You are weak. (Str -2) [Xom's mischief]
  1379 | D:2      | Gained mutation: You are very weak. (Str -4) [Xom's
                  | mischief]
  1431 | D:2      | 1431 ||| Stepping ~*~*~tactically~*~*~ (stealth).
  1432 | D:2      | 1432 ||| Stepping ~*~*~tactically~*~*~ (stealth).
  1433 | D:2      | 1433 ||| Stepping ~*~*~tactically~*~*~ (stealth).
  1444 | D:2      | 1444 ||| Stepping ~*~*~tactically~*~*~ (stealth).
  1446 | D:2      | 1446 ||| Stepping ~*~*~tactically~*~*~ (stealth).
  1451 | D:2      | 1451 ||| Stepping ~*~*~tactically~*~*~ (stealth).
  1452 | D:2      | 1452 ||| Stepping ~*~*~tactically~*~*~ (stealth).
  1457 | D:2      | 1457 ||| FLEEEEING.
  1469 | D:2      | 1469 ||| Stepping ~*~*~tactically~*~*~ (stealth).
  1470 | D:2      | 1470 ||| Stepping ~*~*~tactically~*~*~ (stealth).
  1583 | D:2      | Reached XP level 4. HP: 30/36 MP: 4/4
  1583 | D:2      | 1583 ||| FLEEEEING.
  1585 | D:2      | 1585 ||| FLEEEEING.
  1594 | D:2      | 1594 ||| STAIRDANCE
  1627 | D:1      | 1627 ||| UPGRADING to +0 helmet.
  1632 | D:1      | 1632 ||| UPGRADING to +0 leather armour of the Well-Known
                  | Runes {rElec rPois rN+ Will-}.
  1642 | D:1      | 1642 ||| READING scroll labelled SUMARYI GUDA.
  1708 | D:1      | XOM: stat loss: -1 Dex (16/17)
  1760 | D:1      | 1760 ||| READING scroll labelled UROBRYKYTY.
  1761 | D:1      | 1761 ||| READING scroll labelled BUGRORO UNGU.
  1762 | D:1      | 1762 ||| READING scroll labelled CYPNYR LITEY.
  1763 | D:1      | 1763 ||| DRINKING 2 bubbling blue potions.
  1764 | D:1      | 1764 ||| DROPPING potion of attraction.
  1852 | D:2      | 1852 ||| Stepping ~*~*~tactically~*~*~ (stealth).
  1898 | D:2      | 1898 ||| Stepping ~*~*~tactically~*~*~ (stealth).
  2086 | D:2      | Found a faded altar of an unknown god.
  2087 | D:2      | 2087 ||| UPGRADING to +0 pair of gloves.
  2092 | D:2      | 2092 ||| UPGRADING to +2 helmet.
  2102 | D:2      | 2102 ||| DROPPING +0 helmet.
  2103 | D:2      | 2103 ||| UPGRADING to +4 ring of evasion.
  2170 | D:3      | 2170 ||| STAIRDANCE
  2305 | D:3      | Noticed Natasha
  2320 | D:3      | HP: 8/36 [Natasha (4)]
  2321 | D:3      | 2321 ||| READING scroll of teleportation.
  2323 | D:3      | 2323 ||| Stepping ~*~*~tactically~*~*~ (hiding).
  2327 | D:3      | Killed from afar by Natasha

Levels and vault maps discovered:
D:1:      lightli_arrival_flooded_house, layout_basic
D:2:      layout_rooms, hellmonk_ecumenical_altar_heavens_door
D:3:      layout_loops_cross, serial_shops, shop, uniq_jessica, uniq_sigmund,
          uniq_natasha

Skill      XL: |  1  2  3  4 |
---------------+-------------+-----
Axes           | 4 5 |  5.1
Dodging        | 2 |  2.0
Fighting       | |  3.6
Armour         | |  2.4

Action                   |  1- 3 |  4- 6 || total
-------------------------+-------+-------++-------
Melee: Hand axe          |   118 |    55 ||   173
       Punch             |       |     1 ||     1
Invok: Renounce Religion |     1 |       ||     1
  Use: Scroll            |     3 |     5 ||     8
       Potion            |       |     1 ||     1
Armor: Leather armour    |    35 |    17 ||    52
Dodge: Dodged            |    47 |    45 ||    92

Table legend:
 A = Non-vault XP
 B = Vault XP
 C = Vault XP percentage of total XP
 D = Non-vault monster count
 E = Vault monster count
 F = Vault count percentage of total count
                 A         B        C        D         E       F
            +---------+---------+-------+---------+---------+-------
      Total |     101 |       0 |   0.0 |      50 |       0 |   0.0
            +---------+---------+-------+---------+---------+-------
        D:1 |      43 |       0 |   0.0 |      24 |       0 |   0.0
        D:2 |      55 |       0 |   0.0 |      25 |       0 |   0.0
        D:3 |       3 |       0 |   0.0 |       1 |       0 |   0.0
            +---------+---------+-------+---------+---------+-------
